AoeStats
← nanakusa

Arena

506616383Analyzed
4v4 RM · 18d ago on Sep 14, 2026· 26m 8s· 8 players
Game mode
Random Map
Map size
Large (8 player)
Population
200
Speed
Normal
Resources
Standard
Victory
Conquest
Starting age
Dark Age
Ending age
Imperial Age
RankedLock teamsTeams togetherTeam positionsShared explorationLock speedFull tech treeHidden civsTurbo modeCheats
Victory
Defeat
🇵🇰 Britons · Pakistan
1730
+11
🇨🇳 Spanish · China
1620
+15
🇯🇵 Cumans · Japan
1566
+17
🇲🇽 Gurjaras · Mexico
1495
+20
🇫🇷 Khmer · France
1771
-23
🇳🇿 Spanish · New Zealand
1605
-16
🇦🇺 Turks · Australia
1552
-14
🇦🇺 Teutons · Australia
1459
-10
GDL Paquita Industrial
9:46 Feudal Age
13:42 Castle Age
11:53 Horse Collar
12:31 Double-Bit Axe
14:33 Bow Saw
15:44 Heavy Plow
16:16 Loom
19:25 Scale Barding Armor
23:38 Wheelbarrow
24:54 Husbandry
nanakusa
8:35 Feudal Age
9:11 Double-Bit Axe
9:24 Horse Collar
14:54 Wheelbarrow
19:47 Castle Age
19:55 Castle Age
17:55 Gold Mining
18:42 Scale Barding Armor
19:24 Forging
20:23 Bloodlines
20:54 Heavy Plow
21:14 Bow Saw
22:14 Chain Barding Armor
22:35 Hand Cart
25:11 Gold Shaft Mining
26:15 Stone Mining
lemon tea
10:42 Feudal Age
14:40 Castle Age
12:46 Double-Bit Axe
12:58 Horse Collar
16:18 Bow Saw
19:00 Devotion
24:45 Light Cavalry
26:30 Bloodlines
Mubeen
9:45 Feudal Age
13:48 Castle Age
12:01 Double-Bit Axe
12:14 Loom
15:00 Fletching
15:32 Horse Collar
19:08 Bodkin Arrow
26:37 Ballistics
=)Svanhilde
14:08 Feudal Age
17:02 Castle Age
14:50 Double-Bit Axe
20:14 Imperial Age
18:10 Loom
19:22 Bow Saw
18:52 Horse Collar
20:17 Capped Ram
ImprovingYeti
11:01 Feudal Age
12:39 Gold Mining
14:57 Castle Age
12:51 Double-Bit Axe
13:28 Gold Mining
16:52 Fervor
18:57 Sanctity
19:06 Fletching
21:24 Redemption
Jeremy V
7:29 Loom
12:52 Feudal Age
12:59 Feudal Age
13:56 Double-Bit Axe
13:54 Horse Collar
16:54 Castle Age
21:45 Imperial Age
Bug ee
10:19 Feudal Age
14:40 Castle Age
12:52 Double-Bit Axe
13:03 Horse Collar
15:07 Loom
15:43 Bow Saw
17:02 Wheelbarrow
23:57 Ballistics
Connection lost

Rejoining the realm…

Still unreachable

The connection could not be restored.

Session expired

The server has moved on; the page needs a fresh start.